 Dungeon Crawl Stone Soup version 0.20.1-1-g8b1a95d (webtiles) character file.

2496 equalderp2856 the Cleaver (level 9, -1/78 HPs)
             Began as a Minotaur Fighter on Aug 8, 2017.
             Slain by ThereIsNoGod's ghost (7 damage)
             ... on level 3 of the Dungeon.
             The game lasted 00:18:00 (6928 turns).

equalderp2856 the Cleaver (Minotaur Fighter)        Turns: 6928, Time: 00:18:01

Health: -1/78      AC: 12    Str: 19 (21) XL:     9   Next: 28%
Magic:  8/8        EV:  9    Int:  3 (6)  God:
Gold:   263        SH: 10    Dex: 11 (12) Spells: 8/8 levels left

rFire    . . .     SeeInvis .   a - +0 war axe
rCold    . . .     Gourm    .   c - +0 shield
rNeg     . . .     Faith    .   w - +0 chain mail
rPois    .         Spirit   .   O - +2 hat
rElec    .         Reflect  .   (no cloak)
rCorr    .         Harm     .   (no gloves)
MR       .....                  (no boots)
Stlth    ..........             (no amulet)
Regen    0.3/turn               (no ring)
MPRegen  0.2/turn               (no ring)

@: flying
A: retaliatory headbutt, horns 2, talons 1, repulsion field 1
a: no special abilities


You were on level 3 of the Dungeon.
You were very hungry.

You visited 1 branch of the dungeon, and saw 6 of its levels.
You also visited: Sewer.

You collected 263 gold pieces.

Inventory:

Hand Weapons
 a - a +0 war axe (weapon)
 u - a +0 dagger of venom
 v - the +7 whip of Plunder {slash, rF+ Int+2, unknown}
   (You found it on level 5 of the Dungeon)

   It inflicts extra damage upon your enemies.
   It affects your intelligence (+2).
   It protects you from fire.
 y - a +0 hunting sling
 H - a +2 hand axe of flaming
 L - a +2 dagger of speed
 M - a +2 short sword of venom
 N - a +0 dagger of holy wrath
 T - a +0 rapier
 X - a +3 short sword of freezing
Missiles
 q - 47 sling bullets
 r - 207 stones (quivered)
 s - 34 poisoned needles
 t - 26 bolts
 R - 47 arrows
Armour
 b - a +0 scale mail
 c - a +0 shield (worn)
 w - a +0 chain mail (worn)
 x - a +0 pair of boots
 A - a +0 chain mail
 F - a +0 buckler
 I - a +0 cloak
 O - a +2 hat (worn)
 U - a +1 leather armour of fire resistance
 Y - a +0 robe
Magical Staves
 E - an uncursed staff of air {unknown}
Jewellery
 J - an uncursed amulet of magic regeneration {unknown}
 K - an uncursed ring of stealth {unknown}
Wands
 B - a wand of clouds (2/9)
 P - a wand of iceblast (6/15)
 Z - a wand of paralysis (9/24)
Scrolls
 e - 2 scrolls of teleportation {unknown}
 h - 3 scrolls of magic mapping {unknown}
 j - 2 scrolls of recharging {unknown}
 l - 4 scrolls of identify {unknown}
 m - 2 scrolls of random uselessness {unknown}
 n - 2 scrolls of immolation {unknown}
 p - 2 scrolls of remove curse {unknown}
 z - a scroll of enchant armour {unknown}
Potions
 d - 2 potions of might
 g - 2 potions of flight
 i - 2 potions of haste {unknown}
 k - 3 potions of curing {unknown}
 o - 3 potions of degeneration
 D - 2 potions of mutation
 G - 2 potions of lignification {unknown}
 Q - a potion of agility {unknown}
 V - a potion of invisibility {unknown}
 W - a potion of heal wounds {unknown}
Comestibles
 f - 5 bread rations
 C - 4 meat rations
 S - a royal jelly


   Skills:
 + Level 6.6 Fighting
 + Level 10.7 Axes
 + Level 6.6 Armour
 + Level 2.6 Dodging
 + Level 0.6 Stealth
 + Level 7.2 Shields


You had 8 spell levels left.
You didn't know any spells.

Dungeon Overview and Level Annotations

Branches:
Dungeon (6/15)
 Temple: D:4-7

Altars:
Dithmenos
Hepliaklqana
Kikubaaqudgha
Okawaru
Xom
Yredelemnul

Shops:
D:4 :   D:6 *

Annotations:
D:3 Sigmund; ThereIsNoGod's ghost, amateur TrFi


Innate Abilities, Weirdness & Mutations

You reflexively headbutt those who attack you in melee.
You have a pair of horns on your head.
You have sharp toenails.
You are surrounded by a mild repulsion field. (EV +2)


Message History

Unknown command.
You block ThereIsNoGod's ghost's attack.
Unknown command.
ThereIsNoGod's ghost barely misses you. You furiously retaliate!
You headbutt ThereIsNoGod's ghost.
Unknown command.
ThereIsNoGod's ghost barely misses you. You furiously retaliate!
You headbutt ThereIsNoGod's ghost!
Unknown command.
You block ThereIsNoGod's ghost's attack.
Unknown command.
You block ThereIsNoGod's ghost's attack.
Unknown command.
ThereIsNoGod's ghost hits you but does no damage.
ThereIsNoGod's ghost hits you!
* * * LOW HITPOINT WARNING * * *
Unknown command.
ThereIsNoGod's ghost hits you but does no damage.
ThereIsNoGod's ghost hits you!
You die...

#.......# #.####..........#
###.......#######.####..........#
....########....................#
###.# #...........##########
###.###### #...........#
.........# ######.######
.........# #.# .........#
##'########## .........#
#@).........# ......o..#
#W..........#
....)....#######...........#
....))...#.................#
....)......................#
###'####...................# #.#
#...................# #.#
#.........########### #.#
###.......#


You could see ThereIsNoGod's ghost.

Vanquished Creatures
  Eustachio (D:6)
  Purgy (Sewer)
  An eye of draining (D:5)
  An ice beast (D:6)
  A sky beast (D:5)
  5 ogres
  A phantom (D:5)
  A necrophage (D:6)
  A centaur (D:5)
  A bullfrog (D:6)
  4 wights (D:6)
  2 howler monkeys (D:6)
  4 crimson imps
  2 orc priests
  A hound (D:6)
  A gnoll shaman (D:5)
  An iguana (D:4)
  3 bullfrog skeletons
  A centaur skeleton (D:4)
  8 orc wizards
  2 worker ants
  A hound zombie (D:6)
  2 hound skeletons (D:4)
  A worker ant zombie (D:4)
  9 gnolls
  8 adders
  A river rat (D:5)
  2 oozes
  An adder skeleton (D:5)
  5 worms
  2 dart slugs
  3 leopard geckos
  17 orcs
  A ball python (D:4)
  8 giant cockroaches
  2 gnoll zombies (D:2)
  9 goblins
  7 hobgoblins
  3 jackals (D:4)
  3 quokkas
  6 bats
  10 frilled lizards
  A giant cockroach zombie (D:6)
  3 kobolds
  A quokka skeleton (D:4)
  7 rats
156 creatures vanquished.

Notes
Turn   | Place    | Note
-------+----------+-------------------------------------------
     0 | D:1      | equalderp2856 the Minotaur Fighter began the quest for the Orb.
     0 | D:1      | Reached XP level 1. HP: 19/19 MP: 0/0
   212 | D:1      | Reached XP level 2. HP: 27/27 MP: 1/1
   703 | D:2      | Found an iron altar of Okawaru.
   737 | D:2      | Reached skill level 3 in Axes
   747 | D:2      | Found a basalt altar of Yredelemnul.
   788 | D:2      | Reached XP level 3. HP: 21/33 MP: 2/2
  1692 | D:2      | Reached XP level 4. HP: 40/40 MP: 3/3
  2011 | D:3      | Noticed ThereIsNoGod's ghost (amateur TrFi)
  2156 | D:3      | Reached skill level 4 in Axes
  2396 | D:3      | Noticed Sigmund
  2408 | D:3      | You fall through a shaft!
  2450 | D:4      | Found Buicraec's Book Emporium.
  2490 | D:4      | Reached XP level 5. HP: 46/46 MP: 4/4
  2503 | D:4      | Reached skill level 1 in Dodging
  2669 | D:4      | Noticed an ogre
  2753 | D:4      | Killed an ogre
  2753 | D:4      | Reached skill level 5 in Axes
  2753 | D:4      | Reached XP level 6. HP: 14/52 MP: 5/5
  3025 | D:4      | Reached skill level 6 in Axes
  3025 | D:4      | Reached skill level 5 in Armour
  3109 | D:4      | Found a hazy altar of Hepliaklqana.
  3497 | D:4      | Reached skill level 5 in Shields
  3516 | D:4      | Reached XP level 7. HP: 16/60 MP: 6/6
  3748 | D:4      | Reached skill level 7 in Axes
  4204 | D:4      | Found a shimmering altar of Xom.
  4461 | D:5      | Entered Level 5 of the Dungeon
  4472 | D:5      | Reached skill level 5 in Fighting
  4659 | D:5      | Reached skill level 8 in Axes
  4681 | D:5      | Reached XP level 8. HP: 65/69 MP: 7/7
  4765 | D:5      | Reached skill level 9 in Axes
  4886 | D:5      | Found a glowing drain.
  4893 | Sewer    | Entered a sewer
  5047 | Sewer    | Noticed Purgy
  5055 | Sewer    | Killed Purgy
  5236 | D:5      | Found an ancient bone altar of Kikubaaqudgha.
  5316 | D:5      | Found a shadowy altar of Dithmenos.
  5639 | D:6      | Noticed Eustachio
  5668 | D:6      | Killed Eustachio
  5730 | D:6      | Reached skill level 10 in Axes
  5813 | D:6      | Reached XP level 9. HP: 78/78 MP: 8/8
  5936 | D:6      | Found Navieraw's General Store.
  6778 | D:5      | Got a dazzling whip
  6910 | D:3      | Gained mutation: You have sharp toenails. [potion of mutation]
  6910 | D:3      | Gained mutation: You are surrounded by a mild repulsion field. (EV +2) [potion of mutation]
  6928 | D:3      | Slain by ThereIsNoGod's ghost

Skill      XL: |  1  2  3  4  5  6  7  8  9 |
---------------+----------------------------+-----
Armour         | 4 5 6 |  6.6
Axes           | 3 4 5 6 8 10 | 10.7
Fighting       | 4 5 6 |  6.6
Shields        | 4 5 6 7 |  7.2
Dodging        | 1 2 |  2.6
Stealth        | |  0.6

Action                   |  1- 3 |  4- 6 |  7- 9 || total
-------------------------+-------+-------+-------++-------
Melee: War axe           |   102 |   106 |   270 ||   478
       Headbutt          |    11 |    22 |    60 ||    93
Evoke: Wand              |       |     1 |       ||     1
  Use: Potion            |       |       |     3 ||     3
  Eat: Chunk             |     1 |     7 |     6 ||    14
       Bread ration      |       |       |     1 ||     1
Armor: Scale mail        |    45 |       |       ||    45
       Chain mail        |    13 |    61 |   124 ||   198
Dodge: Dodged            |    40 |    29 |    73 ||   142
Block: Shield            |    72 |    79 |   142 ||   293
